 Dungeon Crawl Stone Soup version 0.27-a0-998-g4cfe56dd59 (webtiles) character file.

Game seed: 1244683613144932395

42 shoop the Chopper (level 3, -1/31 HPs)
             Began as a Palentonga Abyssal Knight on Apr 16, 2021.
             Was a Follower of Lugonu.
             Slain by an iguana (2 damage)
             ... on level 4 of the Dungeon.
             The game lasted 00:02:42 (1497 turns).

shoop the Chopper (Palentonga Abyssal Knight)       Turns: 1497, Time: 00:02:43

Health: -1/31      AC:  4    Str: 16    XL:     3   Next: 33%
Magic:  4/4        EV:  9    Int: 12    God:    Lugonu [*.....]
Gold:   61         SH:  0    Dex:  9    Spells: 2/2 levels left

rFire    . . .     SeeInvis +   a - +1 hand axe
rCold    . . .     Faith    .   (no shield)
rNeg     . . .     Spirit   .   b - +0 leather armour
rPois    .         Reflect  .   (no helmet)
rElec    .         Harm     .   (no cloak)
rCorr    .         Rampage  .   (no gloves)
Will     .....                  (no barding)
Stlth    +.........             h - amulet of magic regeneration
HPRegen  0.10/turn              (no ring)
MPRegen  0.34/turn              (no ring)

@: no status effects
A: large, rugged brown scales 3, see invisible, deformed body, roll 1, armoured
tail
a: Rolling Charge, Renounce Religion, Depart the Abyss


You were on level 4 of the Dungeon.
You worshipped Lugonu.
Lugonu was aware of your devotion.
You visited 1 branch of the dungeon, and saw 3 of its levels.
You visited the Abyss 1 time.

You collected 61 gold pieces.

Inventory:

Hand Weapons
 a - a +1 hand axe (weapon)
Missiles
 g - 8 javelins
Armour
 b - a +0 leather armour (worn)
Jewellery
 h - an amulet of magic regeneration (around neck)
Scrolls
 d - a scroll of blinking {unknown}
 f - a scroll of identify
Potions
 c - a potion of resistance
 e - 2 potions of curing


   Skills:
 - Level 3.0 Fighting
 + Level 3.8 Axes
 - Level 1.5 Armour
 - Level 0.7 Dodging
 - Level 2.0 Invocations


You had 2 spell levels left.
You didn't know any spells.
Your spell library was empty.

Dungeon Overview and Level Annotations

Branches:
Dungeon (2/15)

Altars:

Shops:
D:1 [


Innate Abilities, Weirdness & Mutations

You are completely covered in rugged brown scales. (AC +3, +7% HP)
You have supernaturally acute eyesight. (SInv)
Armour fits poorly on your strangely shaped body.
You can roll at nearby foes to attack.
You have a long armoured tail.


Message History

* * * LOW HITPOINT WARNING * * *
Unknown command.
You hit the endoplasm.
You kill the endoplasm!
Lugonu accepts your kill.
e - 3 metallic purple potions (gained 1)
You now have 61 gold pieces (gained 14).
f - 2 scrolls labelled GOAHAF GEPTANI (gained 1)
h - an amulet of magic regeneration
Found 15 arrows.
You start putting on your amulet.
You continue putting on your amulet of magic regeneration. x5
You finish putting on your amulet of magic regeneration.
h - an amulet of magic regeneration (around neck)
Found a stone staircase leading down.
Found an escape hatch in the ceiling.
You fall into a shaft and drop 2 floors!
The shaft crumbles and collapses.
An iguana comes into view.
The iguana hisses angrily.
Found a ring mail and a scale mail.
You closely miss the iguana. The iguana bites you.
You hit the iguana.
The iguana is lightly wounded.
The iguana bites you.
You hit the iguana but do no damage.
The iguana is lightly wounded.
The iguana bites you!
* * * LOW HITPOINT WARNING * * *
Okay, then.
A kobold comes into view. It is wielding a +0 dagger.
The kobold shouts!
The kobold moves out of view.
It was a potion of curing.
You feel better. The iguana bites you!
* * * LOW HITPOINT WARNING * * *
As you read the scroll labelled GOAHAF GEPTANI, it crumbles to dust.
It is a scroll of identify.
c - a potion of resistance The iguana bites you.
You die...

... ....8[# ..#
......#
#..##....#
##..#..#.#####
#.....K.......
#.............
.....##..........
..# #.l........
##@...#..#.
#...## ## ..###
..## ... #.#.
.... ## ..


You could see an iguana and a kobold.

Vanquished Creatures
  An adder (D:2)
  3 ball pythons
  6 endoplasms
  4 giant cockroaches
  3 goblins (D:1)
  2 hobgoblins (D:1)
  2 quokkas (D:1)
  A frilled lizard (D:1)
  4 kobolds
  A rat (D:1)
27 creatures vanquished.

Notes
Turn   | Place    | Note
-------+----------+-------------------------------------------
     0 | Abyss:1  | shoop the Palentonga Abyssal Knight began the quest for the
                  | Orb.
     0 | Abyss:1  | Reached XP level 1. HP: 19/19 MP: 2/2
    22 | Abyss:2  | Noticed a neqoxec
    31 | Abyss:2  | Noticed a rakshasa
    33 | D:1      | Escaped the Abyss
   231 | D:1      | Reached * piety under Lugonu
   241 | D:1      | Reached XP level 2. HP: 20/25 MP: 3/3
   697 | D:1      | Found Vyridor's Armour Shop.
  1158 | D:2      | Reached XP level 3. HP: 28/31 MP: 4/4
  1489 | D:2      | You fall into a shaft and drop 2 floors!
  1495 | D:4      | HP: 1/31 [iguana (13)]
  1497 | D:4      | Slain by an iguana

Illustrated notes

Levels and vault maps discovered:
D:1:      lemuel_arrival_river_bridge, layout_basic, serial_shops,
          nicolae_shop_temple_entry_statues_fountains, minmay_pentomino_v2
D:2:      layout_basic
D:4:      layout_cave_pools, gammafunk_temple_overflow_wave, temple_green,
          serial_park_tiny_pond, mrwooster_statue_mirror

Skill      XL: |  1  2 |
---------------+-------+-----
Axes           | 3 |  3.8
Fighting       | |  3.0
Armour         | |  1.5
Dodging        | |  0.7
Invocations    | |  2.0

Action                   || total
-------------------------++-------
Melee: Hand axe          ||   103
       Tailslap          ||     5
Invok: Depart the Abyss  ||     1
 Abil: Rolling Charge    ||    14
  Use: Scroll            ||     1
       Potion            ||     1
Armor: Leather armour    ||    35
Dodge: Dodged            ||    39

Table legend: (Time is in decaauts)
 A = Elapsed time spent in this place.
 B = Non-inter-level travel time spent in this place.
 C = Inter-level travel time spent in this place.
 D = Time resting spent in this place.
 E = Time spent auto-exploring this place.
 F = Levels seen in this place.
 G = Mean time per level.
                   A        B        C        D        E       F      G
               +--------+--------+--------+--------+--------+-----+--------+
         Total |   1511 |   1504 |      7 |      3 |   1286 |   5 |  302.2 |
       Dungeon |   1478 |   1471 |      7 |      3 |   1269 |   3 |  492.7 |
         Abyss |     32 |     32 |      0 |      0 |     17 |   2 |   16.0 |
               +--------+--------+--------+--------+--------+-----+--------+

Top non-repeatable levels by time:
     D:1: 948 daAuts
     D:2: 521 daAuts
 Abyss:2: 21 daAuts
 Abyss:1: 11 daAuts
     D:4: 8 daAuts
